AoeStats
← Doctor

Nomad

509413348Analyzed
2v2 RM · 5d ago on Sep 26, 2026· 44m 4s· 4 players
Game mode
Random Map
Map size
176×176
Population
200
Speed
Normal
Resources
Standard
Victory
Conquest
Starting age
Dark Age
Ending age
Imperial Age
RankedLock teamsTeams togetherTeam positionsShared explorationLock speedFull tech treeHidden civsTurbo modeCheats
Victory
Defeat
🇩🇪 Teutons · Germany
675
+17
🇮🇳 Chinese · India
393
+28
🇵🇱 Celts · Poland
690
-23
🇵🇱 Britons · Poland
681
-22
King Kong
7:53 Loom
14:47 Feudal Age
16:39 Fishing Lines
18:53 Double-Bit Axe
19:25 Town Watch
28:00 Castle Age
26:58 Man-at-Arms
28:01 Arson
36:51 Gillnets
karthiksandy19
17:12 Feudal Age
18:09 Man-at-Arms
21:07 Forging
20:58 Scale Mail Armor
21:12 Arson
21:54 Fletching
22:05 Padded Archer Armor
23:01 Wheelbarrow
33:34 Castle Age
35:46 Long Swordsman
43:28 Hand Cart
Doctor
14:51 Feudal Age
16:12 Wheelbarrow
15:25 Double-Bit Axe
15:31 Fishing Lines
18:32 Scale Mail Armor
22:48 Castle Age
20:55 Stone Mining
23:34 Gillnets
24:07 Bow Saw
26:04 Fletching
26:11 Gold Mining
30:01 Gold Shaft Mining
30:06 Stone Shaft Mining
29:45 Murder Holes
39:28 Imperial Age
42:22 Forging
42:52 Chain Mail Armor
belarusaczka
3:51 Loom
4:49 Loom
5:42 Loom
17:35 Feudal Age
17:40 Man-at-Arms
18:06 Arson
18:52 Horse Collar
20:39 Wheelbarrow
21:47 Stone Mining
21:48 Gold Mining
22:13 Double-Bit Axe
28:40 Scale Mail Armor
28:46 Scale Barding Armor
32:04 Castle Age
36:07 Murder Holes
38:08 Ballistics
41:15 Imperial Age
Connection lost

Rejoining the realm…

Still unreachable

The connection could not be restored.

Session expired

The server has moved on; the page needs a fresh start.